AoeStats
← Kiritastrich

Nomad

503247384Analyzed
1v1 RM · 1mo ago on Aug 30, 2026· 38m 47s· 2 players
Game mode
Random Map
Map size
126×126
Population
200
Speed
Normal
Resources
Standard
Victory
Conquest
Starting age
Dark Age
Ending age
Imperial Age
RankedLock teamsTeams togetherTeam positionsShared explorationLock speedFull tech treeHidden civsTurbo modeCheats
Victory
Defeat
🇩🇰 Bengalis · Denmark
2121
+7
🇷🇺 Cumans · Russia
1907
-7
DK | Mauseren
4:47 Loom
14:09 Feudal Age
18:04 Castle Age
18:54 Double-Bit Axe
19:22 Padded Archer Armor
20:42 Forging
21:55 Bow Saw
22:19 Fletching
27:33 Sanctity
30:32 Pikeman
34:47 Redemption
36:45 Horse Collar
Kiritastrich
4:16 Loom
16:05 Feudal Age
21:18 Castle Age
19:05 Fishing Lines
20:48 Scale Barding Armor
22:36 Chain Barding Armor
25:47 Capped Ram
25:58 Light Cavalry
35:18 Fletching
38:11 Bodkin Arrow
Connection lost

Rejoining the realm…

Still unreachable

The connection could not be restored.

Session expired

The server has moved on; the page needs a fresh start.